 Dungeon Crawl Stone Soup version 0.22.0-49-gab54619674 (webtiles) character file.

114 JedernureinKreuz the Sneak (level 4, -1/27 HPs)
             Began as an Octopode Wizard on Sept 7, 2018.
             Was a Follower of Vehumet.
             Slain by a worm (10 damage)
             ... on level 3 of the Dungeon.
             The game lasted 00:12:07 (3115 turns).

JedernureinKreuz the Sneak (Octopode Wizard)        Turns: 3115, Time: 00:12:07

Health: -1/27      AC:  1    Str:  6    XL:     4   Next: 98%
Magic:  9/9        EV: 13    Int: 21    God:    Vehumet [*.....]
Gold:   150        SH:  0    Dex: 10    Spells: 6/10 levels left

rFire    . . .     SeeInvis .   e - +0 dagger
rCold    . . .     Gourm    .   (no shield)
rNeg     . . .     Faith    .   a - +0 hat
rPois    .         Spirit   .   (no amulet)
rElec    .         Reflect  .   (no ring)
rCorr    .         Harm     .   (no ring)
MR       .....                  (no ring)
Stlth    +++.......             (no ring)
HPRegen  0.09/turn              (no ring)
MPRegen  0.11/turn              (no ring)
                                (no ring)
                                (no ring)

@: no status effects
A: almost no armour, stealthy swim, amphibious, 8 rings, constrict 8, camouflage
1, gelatinous body 1
a: Renounce Religion


You were on level 3 of the Dungeon.
You worshipped Vehumet.
Vehumet was aware of your devotion.
You were not hungry.

You visited 1 branch of the dungeon, and saw 3 of its levels.

You collected 150 gold pieces.

Inventory:

Hand Weapons
 d - a cursed -3 club
 e - a +0 dagger (weapon)
Missiles
 s - a stone (quivered)
Armour
 a - a +0 hat (worn)
 t - a +0 buckler
Scrolls
 f - 2 scrolls of amnesia {unknown}
 h - 2 scrolls of immolation {unknown}
 i - 4 scrolls of identify {unknown}
 m - a scroll of fog {unknown}
 n - 2 scrolls of teleportation {unknown}
 o - a scroll of remove curse {unknown}
 q - a scroll of magic mapping {unknown}
Potions
 b - 2 potions of berserk rage {unknown}
 g - a potion of curing {unknown}
 j - 2 potions of flight {unknown}
 k - 2 potions of haste {unknown}
 l - a potion of agility {unknown}
 p - a potion of cancellation {unknown}
Comestibles
 c - 4 rations
 r - 3 chunks of flesh


   Skills:
 + Level 0.3 Short Blades
 + Level 3.0 Dodging
 + Level 4.1 Stealth
 + Level 3.6 Spellcasting
 + Level 2.3 Conjurations
   Level 1.0 Summonings
   Level 1.0 Translocations


You had 6 spell levels left.
You knew the following spells:

 Your Spells              Type           Power        Failure   Level  Hunger
a - Magic Dart            Conj           ##..         4%          1    None
b - Sandblast             Erth           #.....       13%         1    None
c - Slow                  Hex            #.......     19%         2    ##.....

Your spell library contained the following spells:

 Spells                   Type           Power        Failure   Level  Hunger
 Blink                    Tloc           N/A          13%         2    ##.....
 Call Imp                 Summ           #.......     13%         2    ##.....
 Conjure Flame            Conj/Fire      #.......     24%         3    ###....
 Mephitic Cloud           Conj/Pois/Air  #.......     26%         3    ###....


Dungeon Overview and Level Annotations

Branches:
Dungeon (3/15)

Altars:
Cheibriados
Qazlal
Vehumet
Yredelemnul


Innate Abilities, Weirdness & Mutations

You cannot wear most types of armour.
You are very stealthy in the water. (Stealth+)
You are amphibious.
You can wear up to eight rings at the same time.
You can use your tentacles to constrict eight enemies at once.
Your skin changes colour to match your surroundings (Stealth+).
Your rubbery body absorbs attacks. (AC +1, EV +1)


Message History

The worm is almost dead.
You constrict the worm.
You kill the worm!
Vehumet accepts your kill.
You see here a worm corpse.
You butcher the worm corpse.
r - 3 chunks of flesh
c - 4 rations (gained 1)
Found a ration.
Found a stone staircase leading up.
Found a scroll labeled AZXUKO ZECUZO and 25 arrows.
Found a scroll labeled BUMAME ENYICUIMO.
The worm bites you!
* * * LOW HITPOINT WARNING * * *
You hit the worm but do no damage. You grab the worm. You squeeze the worm!
The worm is heavily wounded.
You constrict the worm. You hit the worm. You squeeze the worm.
The worm is severely wounded.
You constrict the worm. The worm bites you!
You die...

#........# #........#
#........###.
#........#..
#......(.#.#
#........#.#..
#.....w.......
#.?...@..#.#
#........#.#
#..%.....#.############
#?........>)...........
#......................
##########.############
#..<..# ###.#.# ...


You could see a worm.

Vanquished Creatures
  3 adders (D:2)
  2 oozes
  5 worms
  An orc (D:3)
  2 ball pythons
  5 giant cockroaches
  11 goblins
  4 hobgoblins
  8 kobolds
  2 quokkas
  10 bats
  3 frilled lizards
  9 rats
65 creatures vanquished.

Notes
Turn   | Place    | Note
-------+----------+-------------------------------------------
     0 | D:1      | JedernureinKreuz the Octopode Wizard began the quest for
                  | the Orb.
     0 | D:1      | Reached XP level 1. HP: 11/11 MP: 4/4
   230 | D:1      | Reached skill level 3 in Stealth
   230 | D:1      | Reached XP level 2. HP: 17/17 MP: 6/6
   832 | D:1      | Reached XP level 3. HP: 9/21 MP: 3/7
  1536 | D:2      | Found a stormy altar of Qazlal.
  1716 | D:2      | Found a radiant altar of Vehumet.
  1747 | D:2      | Became a worshipper of Vehumet
  1785 | D:2      | Reached XP level 4. HP: 27/27 MP: 1/9
  2166 | D:3      | Reached skill level 4 in Stealth
  2287 | D:3      | Found a snail-covered altar of Cheibriados.
  2495 | D:3      | Found a basalt altar of Yredelemnul.
  2673 | D:3      | Reached * piety under Vehumet
  2673 | D:3      | Offered knowledge of Sandblast by Vehumet.
  2676 | D:3      | Learned a level 1 spell: Sandblast
  2679 | D:3      | Learned a level 2 spell: Slow
  3115 | D:3      | Slain by a worm

Skill      XL: |  1  2  3  4 |
---------------+-------------+-----
Stealth        | 3 4 |  4.1
Conjurations   | 2 |  2.3
Dodging        | 3 |  3.0
Short Blades   | |  0.3
Spellcasting   | |  3.6
Summonings     | |  1.0
Translocations | |  1.0

Action                   |  1- 3 |  4- 6 || total
-------------------------+-------+-------++-------
Melee: Dagger            |    63 |    74 ||   137
       Unarmed           |     2 |       ||     2
       Constrict         |    15 |    15 ||    30
       Tentacles         |     5 |    12 ||    17
 Cast: Magic Dart        |    50 |    28 ||    78
 Stab: Sleeping          |    10 |     5 ||    15
  Eat: Chunk             |     3 |     2 ||     5
       Ration            |       |     1 ||     1
Armor: Skin              |     6 |     5 ||    11
Dodge: Dodged            |    37 |    44 ||    81
